 Dungeon Crawl Stone Soup version 0.19-a0-45-g2c295ea (webtiles) character file.

73670 Leszczynek the Destroyer (level 15, -4/129 HPs)
             Began as a Naga Wizard on Apr 1, 2016.
             Was the Champion of Sif Muna.
             Slain by a spriggan rider
             ... wielding a +0 spear
              (13 damage)
             ... on level 2 of the Swamp on May 5, 2016.
             The game lasted 04:15:32 (36485 turns).

Leszczynek the Destroyer (Naga Wizard)             Turns: 36485, Time: 04:15:33

Health: -4/129     AC: 15    Str: 10    XL:     15   Next: 44%
Magic:  11/27      EV: 11    Int: 20    God:    Sif Muna [******]
Gold:   448        SH:  0    Dex: 18    Spells: 9 memorised, 0 levels left

rFire  . . .     SeeInvis +     (no weapon)
rCold  + . .     Gourm    .     i - +1 robe of Dim Light {Dex+4}
rNeg   . . .     Faith    .     (no shield)
rPois  +         Spirit   .     P - +0 hat
rElec  +         Dismiss  .     l - +1 cloak {rPois}
rCorr  .         Reflect  .     K - +1 pair of gloves {archery}
SustAt .         Harm     .     W - +0 naga barding of the Dungeon {MR+ Str-2 Stlth+}
MR     +++..     Clarity  +     o - amulet of magic regeneration
Stlth  ++++......               L - ring of Wawuasau {Wiz rC+ Slay+2}
                                Z - ring of protection from magic

@: starving, slowed, very slow, extremely resistant to hostile enchantments,
stealthy
A: horns 1, see invisible, blink, clarity, deformed body, mutation resistance 1,
poison resistance, electricity resistance, slowness 2, slow metabolism 1, spit
poison 2, strong 1, MP-powered wands, constrict 1, AC +5
a: Spit Poison, Blink, Channel Energy, Forget Spell, Renounce Religion


You were on level 2 of the Swamp.
You worshipped Sif Muna.
Sif Muna was exalted by your worship.
You were starving.

You visited 5 branches of the dungeon, and saw 27 of its levels.
You also visited: Bailey and Volcano.

You collected 1606 gold pieces.
You spent 1158 gold pieces at shops.

Inventory:

Hand Weapons
 a - the +8 quarterstaff of Quowk {venom, -Tele Int+2 SInv}
   (You found it on level 5 of the Dungeon)

   It poisons the flesh of those it strikes.
   It affects your intelligence (+2).
   It lets you see invisible.
   It prevents most forms of teleportation.
Missiles
 C - a throwing net (quivered)
Armour
 i - the +1 robe of Dim Light (worn) {Dex+4}
   (You found it on level 4 of the Dungeon)

   It affects your dexterity (+4).
 l - a +1 cloak of poison resistance (worn)
 K - a +1 pair of gloves of archery (worn)
 P - a +0 hat (worn)
 W - the +0 naga barding of the Dungeon (worn) {MR+ Str-2 Stlth+}
   (You acquired it on level 6 of the Lair of Beasts)

   It affects your strength (-2).
   It affects your resistance to hostile enchantments.
   It makes you more stealthy.
Magical Staves
 b - an uncursed staff of earth
Jewellery
 e - an uncursed ring of positive energy
 m - an uncursed ring of protection from fire
 o - an amulet of magic regeneration (around neck)
 u - an uncursed ring of resist corrosion
 I - the ring "Hegg" {rElec Dex-2 SInv}
   (You found it on level 9 of the Dungeon)

   [ring of dexterity]

   It affects your dexterity (-2).
   It insulates you from electricity.
   It lets you see invisible.
 L - the ring of Wawuasau (right hand) {Wiz rC+ Slay+2}
   (You bought it in a shop on level 5 of the Dungeon)

   [ring of wizardry]

   It improves your spell success rate.
   It affects your accuracy and damage with ranged weapons and melee attacks
   (+2).
   It protects you from cold.
 Z - a ring of protection from magic (left hand)
Wands
 c - a wand of confusion (22/48)
 N - a wand of digging (16/24)
 S - a wand of paralysis (17/24)
Scrolls
 g - 8 scrolls of teleportation
 h - a scroll of magic mapping
 k - 10 scrolls of remove curse
 r - 2 scrolls of enchant armour
 x - 4 scrolls of recharging
 y - 4 scrolls of enchant weapon
 E - a scroll of summoning
 U - 3 scrolls of identify
 V - 2 scrolls of fear
Potions
 f - a potion of agility
 p - 2 potions of brilliance
 q - 3 potions of resistance
 t - 2 potions of flight
 w - 2 potions of haste
 z - 2 potions of might
 A - 2 potions of magic
 B - 2 potions of ambrosia
 D - 4 potions of invisibility
 H - 6 potions of curing
 R - a potion of cancellation
 Y - 2 potions of berserk rage
Books
 s - a book of Enchantments

   Spells                             Type                      Level
   a - Cause Fear                     Hexes                        4
   b - Yara's Violent Unravelling     Hexes/Transmutation          5
   c - Silence                        Hexes/Air                    5
   d - Deflect Missiles               Charms/Air                   6
   e - Haste                          Charms                       6
   f - Discord                        Hexes                        8
 F - a book of the Tempests

   Spells                             Type                      Level
   a - Static Discharge               Conjuration/Air              3
   b - Lightning Bolt                 Conjuration/Air              5
   c - Fireball                       Conjuration/Fire             5
   d - Tornado                        Air                          9
   e - Shatter                        Earth                        9
 J - Ereshkigal's Handbook of Conjuration
   (Sif Muna gifted it to you on level 1 of the Swamp)

   Spells                             Type                      Level
   a - Throw Frost                    Conjuration/Ice              2
   b - Fulminant Prism                Conjuration/Hexes            4
   c - Iskenderun's Mystic Blast      Conjuration                  4
   d - Spellforged Servitor           Conjuration/Summoning        7
   e - Chain Lightning                Conjuration/Air              8
 M - an Akashic Record

   Spells                             Type                      Level
   a - Dispersal                      Translocation                6
   b - Malign Gateway                 Summoning/Translocation      7
   c - Disjunction                    Translocation                8
   d - Controlled Blink               Translocation                8
 T - a book of Dreams

   Spells                             Type                      Level
   a - Ensorcelled Hibernation        Hexes/Ice                    2
   b - Silence                        Hexes/Air                    5
   c - Darkness                       Hexes                        6
   d - Shadow Creatures               Summoning                    6
 X - Lyfagome's Catalogue of Igneous Translocation
   (Sif Muna gifted it to you on level 6 of the Lair of Beasts)

   Spells                             Type                      Level
   a - Summon Butterflies             Summoning                    1
   b - Shroud of Golubria             Charms/Translocation         2
   c - Regeneration                   Charms/Necromancy            3
   d - Summon Ice Beast               Ice/Summoning                4
   e - Lightning Bolt                 Conjuration/Air              5
   f - Shatter                        Earth                        9
Miscellaneous
 v - a phantom mirror
Comestibles
 d - 14 bread rations
 n - a chunk of flesh
 G - 7 meat rations
 O - 4 royal jellies


   Skills:
 + Level 7.2 Fighting
 + Level 11.1 Staves
 - Level 2.0 Armour
 - Level 5.1 Dodging
 - Level 4.2 Stealth
 - Level 8.9 Spellcasting
 - Level 11.2 Conjurations
 - Level 5.0 Hexes
 - Level 10.2 Summonings
 - Level 2.1 Translocations
   Level 4.0 Fire Magic
 - Level 6.1 Ice Magic
 - Level 7.8 Air Magic
 * Level 6.5 Earth Magic
   Level 4.1 Poison Magic
 - Level 4.0 Invocations


You couldn't memorise any spells.
You knew the following spells:

 Your Spells              Type           Power        Failure   Level  Hunger
a - Iron Shot             Conj/Erth      #####.....   14%         6    ######.
b - Shadow Creatures      Summ           N/A          7%          6    ######.
c - Ozocubu's Armour      Chrm/Ice       ###.....     4%          3    None
d - Repel Missiles        Chrm/Air       ###...       1%          2    None
e - Blink                 Tloc           N/A          2%          2    None
f - Summon Lightning Spi  Summ/Air       #####...     1%          4    ###....
g - Summon Ice Beast      Ice/Summ       #####...     1%          4    ###....
h - Swiftness             Chrm/Air       ###.....     1%          2    None
q - Slow                  Hex            ####....     1%          2    None


Dungeon Overview and Level Annotations

Branches:
Dungeon (15/15)            Temple (1/1) D:5            Lair (8/8) D:9
  Swamp (2/4) Lair:5        Snake (0/4) Lair:5        Slime (0/6) Lair:8
    Orc (1/2) D:11
 Vaults: D:13-14     Depths: D:15

Altars:
Cheibriados
Dithmenos
Elyvilon
Fedhas
Gozag
Kikubaaqudgha
Makhleb
Nemelex Xobeh
Pakellas
Qazlal
Ru
Sif Muna
Trog
Vehumet
Xom
Yredelemnul
Zin
The Shining One
Jiyva

Shops:
D:5 =   D:15 =

Annotations:
D:11 !orc warlord
D:12 exclusion: downstairs
D:13 exclusions: 2 hogs and two-headed ogre, Kirke
D:15 !fire giant roaming
Lair:1 exclusion: hydra
Lair:2 exclusion: downstairs
Lair:4 exclusions: black mamba and hydra
Lair:8 1 runed door
Orc:1 Harold, Nergalle


Innate Abilities, Weirdness & Mutations

You cannot wear boots.
Your serpentine skin is tough (AC +5).
You have supernaturally acute eyesight.
Armour fits poorly on your strangely shaped body.
Your system is resistant to poisons.
You cover ground very slowly.
You have a slow metabolism.
You can spit poison.
You can use your snake-like lower body to constrict enemies.
You have a pair of small horns on your head.
You can translocate small distances at will.
You possess an exceptional clarity of mind.
You are somewhat resistant to further mutation.
You are resistant to electric shocks.
Your muscles are strong. (Str +2)
You expend magic power (3 MP) to strengthen your wands.


Message History

Casting: Iron Shot
Confirm with . or Enter, or press ? or * to list all spells.
Aiming: Iron Shot
Press: ? - help, Shift-Dir - straight line, f/p - spriggan rider
Aim: a spriggan rider, wielding a spear (water, heavily wounded)
The iron shot misses the spriggan rider.
You are starving!
The hornet stings you!
* * * LOW HITPOINT WARNING * * *
You feel yourself slow down.
The spriggan rider hits you from afar with a spear.
* * * LOW HITPOINT WARNING * * *
Your ice beast hits the hornet but does no damage.
Unknown command.
Wield which item (- for none, * to show all)? (? for menu, Esc to quit)
The +8 quarterstaff of Quowk {venom, -Tele Int+2 SInv} stops dripping with poison.
You are now empty-handed.
The hornet stings you.
* * * LOW HITPOINT WARNING * * *
The spriggan rider hits you from afar with a spear!
You die...

.≈≈≈≈≈... .≈≈≈≈≈≈.≈
♣.§≈.≈≈.≈
♣♣♣♣♣.......≈ ♣≈
♣♣♣≈Y8≈≈≈≈y.≈
♣≈≈≈♣≈.@y≈≈≈....
♣......≈i≈..♣♣♣
♣........≈≈.♣♣♣
♣≈.≈...≈♣...≈≈♣
♣♣≈≈..≈.....♣♣♣
♣.≈.♣...≈≈..♣♣
≈...♣♣≈♣♣♣..≈≈≈≈.≈♣♣
♣..≈......≈≈≈≈≈≈≈..≈♣
≈.).≈≈§≈.≈≈≈≈≈≈≈...♣♣


You could see a spriggan rider, 2 hornets, a friendly ice beast and a friendly
lightning spire.

Vanquished Creatures
  A thorn hunter (Swamp:2)
  A fire dragon (D:15)
  A hydra (Lair:7)
  An ice dragon (Lair:7)
  A centaur warrior (D:13)
  An alligator (Swamp:1)
  2 tengu warriors
  4 unseen horrors
  Pikel (D:4)
  A wolf spider zombie (D:14)
  3 hill giants
  2 ugly things
  A griffon (Lair:3)
  A deep elf mage (D:14)
  A salamander (D:15)
  A wolf spider (Lair:6)
  2 centaur zombies
  9 elephants
  Maurice (D:8)
  19 spiny frogs
  An orange demon (D:12)
  A gargoyle (D:8)
  A centaur skeleton (D:11)
  A yaktaur (D:15)
  A rime drake (Lair:2)
  3 komodo dragons
  A troll (D:14)
  A giant leech (Lair:8)
  2 polar bears
  Grinder (D:5)
  3 blink frogs
  4 slime creatures (Swamp:1)
  A centaur simulacrum (D:15)
  Sigmund (D:3)
  A shadow (D:15)
  4 wyverns
  A wraith (D:13)
  Eustachio (D:5)
  23 yaks
  2 basilisks
  A fire bat (Volcano)
  9 hippogriffs
  6 vampire mosquitoes
  A mottled dragon (D:10)
  4 swamp worms
  9 water moccasins
  7 insubstantial wisps
  2 swamp drakes (Swamp:2)
  15 porcupines
  An ice beast (D:8)
  A black bear (D:6)
  6 sky beasts
  A necrophage (D:7)
  5 orc warriors
  A wasp (D:8)
  A phantom (D:8)
  3 centaurs
  6 boggarts (D:13)
  3 ogres
  9 wolves
  14 crocodiles
  A big kobold (D:9)
  27 giant frogs
  A wyvern zombie (D:8)
  3 scorpions
  6 killer bees
  5 electric eels (Lair:8)
  7 wights
  A howler monkey (D:5)
  4 lava snakes (Volcano)
  5 crimson imps
  2 giant frog zombies
  A wyvern simulacrum (D:14)
  A quasit (D:5)
  4 human zombies (D:10)
  5 jellies
  4 giant frog skeletons
  13 hounds
  3 orc priests (D:5)
  3 iguanas
  12 orc wizards
  Ijyb (D:3)
  9 worker ants
  11 sheep
  3 mummies (D:10)
  An ogre skeleton (D:10)
  A hound skeleton (D:4)
  A worker ant zombie (D:5)
  3 gnolls (D:8)
  19 adders
  39 river rats
  6 shadow imps
  An ooze (D:4)
  3 adder skeletons
  2 worms (D:3)
  2 dart slugs (D:1)
  5 giant geckos
  51 orcs
  8 bats
  7 giant cockroaches
  14 goblins
  10 hobgoblins
  7 jackals
  22 kobolds
  5 quokkas
  4 ball pythons
  A giant gecko zombie (D:8)
  7 giant newts
  An orc skeleton (D:10)
  An orc zombie (D:10)
  A quokka zombie (D:5)
  9 rats
  2 fungi
  A plant (Lair:8)
579 creatures vanquished.

Vanquished Creatures (collateral kills)
  Aizul (Swamp:2)
  A salamander stormcaller (D:15)
  The ghost of HandofTrog the Grappler, a journeyman TrGl of Cheibriados (D:10)
  The ghost of Misfortune the Cleaver, a journeyman DsWn of Okawaru (Lair:1)
  8 hydras
  3 centaur warriors
  Sonja (D:10)
  10 hill giants
  A lindwurm (Volcano)
  5 wizards (D:13)
  2 ugly things
  A deep elf mage (D:14)
  A griffon (Lair:6)
  2 manticores
  11 elephants
  3 salamanders (D:15)
  3 cyclopes
  9 black mambas
  A torpor snail (Lair:3)
  Psyche (D:8)
  3 orange demons (D:12)
  A gargoyle (D:15)
  8 spiny frogs
  4 komodo dragons
  3 rime drakes
  4 yaktaurs (D:15)
  A freezing wraith (D:14)
  2 red devils (D:12)
  3 tengu conjurers
  A polar bear (Lair:7)
  A queen bee (D:10)
  2 trolls
  5 giant leeches
  A bog body (Swamp:1)
  A two-headed ogre (D:14)
  6 blink frogs
  6 slime creatures (Swamp:1)
  A spriggan (Swamp:1)
  2 wraiths
  3 basilisks
  4 fire bats (Volcano)
  3 wyverns
  35 yaks
  10 vampire mosquitoes
  2 nagas (Lair:5)
  4 mottled dragons
  An insubstantial wisp (Swamp:1)
  10 water moccasins
  3 porcupines
  3 orc warriors
  2 swamp drakes
  3 wasps
  3 ogres
  6 wolves
  9 centaurs
  2 crocodiles
  9 giant frogs
  A gnoll sergeant (D:8)
  A wyvern skeleton (D:14)
  17 killer bees
  6 wights
  A crimson imp (D:15)
  6 jellies
  3 lava snakes (Volcano)
  2 hounds (Lair:1)
  An orc wizard (D:12)
  4 orc priests
  7 hell rats (Lair:8)
  A worker ant (D:6)
  9 sheep (Lair:8)
  An adder (Lair:6)
  32 river rats
  2 shadow imps (D:14)
  11 orcs
  A jackal (D:7)
  4 briar patches (Swamp:2)
  2 fungi
345 creatures vanquished.

Vanquished Creatures (others)
  A slave (D:4)
  A sky beast (D:5)
  A centaur (D:8)
  A howler monkey (D:4)
  A hound (D:4)
  A worker ant (D:4)
  2 jackals (D:4)
  A ball python (D:4)
  A briar patch (Swamp:2)
  76 fungi
  98 plants
184 creatures vanquished.

Grand Total: 1108 creatures vanquished

Notes
Turn   | Place    | Note
--------------------------------------------------------------
     0 | D:1      | Leszczynek the Naga Wizard began the quest for the Orb.
     0 | D:1      | Reached XP level 1. HP: 15/15 MP: 4/4
   210 | D:1      | Reached XP level 2. HP: 21/22 MP: 0/6
   842 | D:1      | Reached XP level 3. HP: 28/28 MP: 3/7
  1573 | D:1      | Learned a level 3 spell: Conjure Flame
  1577 | D:1      | Learned a level 3 spell: Mephitic Cloud
  1891 | D:2      | Found an oddly glowing altar of Pakellas.
  1964 | D:2      | Reached XP level 4. HP: 36/36 MP: 4/9
  2146 | D:2      | Found a stormy altar of Qazlal.
  2146 | D:2      | Found a white marble altar of Elyvilon.
  2176 | D:2      | Reached skill level 1 in Poison Magic
  2373 | D:2      | Found a burning altar of Makhleb.
  2757 | D:3      | Reached XP level 5. HP: 40/42 MP: 6/10
  3191 | D:3      | You fall through a shaft for 3 floors!
  3222 | D:5      | Entered Level 5 of the Dungeon
  3452 | D:6      | Reached skill level 1 in Air Magic
  3467 | D:6      | Reached XP level 6. HP: 45/49 MP: 0/11
  3764 | D:5      | Got a twisted quarterstaff
  3779 | D:5      | Identified the +8 quarterstaff of Quowk {venom, -Tele Int+2 SInv} (You found it on level 5 of the Dungeon)
  3780 | D:5      | >-tele
  3780 | D:5      | heh
  3780 | D:5      | at least it's quickly swappable
  3954 | D:5      | Noticed Eustachio
  3976 | D:5      | Noticed Grinder
  3977 | D:5      | right
  3987 | D:5      | Killed Grinder
  3987 | D:5      | Reached skill level 1 in Fire Magic
  3987 | D:5      | Reached XP level 7. HP: 53/55 MP: 6/13
  3988 | D:5      | +8 quarterstaff op
  3991 | D:5      | Learned a level 2 spell: Repel Missiles
  3995 | D:5      | Learned a level 2 spell: Blink
  4264 | D:5      | Killed Eustachio
  4319 | D:4      | Reached XP level 8. HP: 62/62 MP: 15/15
  4460 | D:3      | Noticed Sigmund
  4471 | D:3      | Killed Sigmund
  4471 | D:3      | Reached skill level 5 in Spellcasting
  4471 | D:3      | Reached skill level 5 in Conjurations
  4590 | D:3      | Found a glowing golden altar of the Shining One.
  4766 | D:3      | Noticed Ijyb
  4778 | D:3      | Killed Ijyb
  5321 | D:3      | Upgraded the game from 0.18-a0-1670-gb40d73e to 0.18-a0-1677-g2bdad6c
  5333 | D:4      | Noticed Pikel
  5341 | D:4      | Killed Pikel
  5396 | D:4      | Got a steaming robe
  5579 | D:4      | Identified the cursed +1 robe of Dim Light {Dex+4} (You found it on level 4 of the Dungeon)
  5580 | D:4      | still better than mine
  5924 | D:4      | Found a shadowy altar of Dithmenos.
  6200 | D:5      | Reached XP level 9. HP: 73/73 MP: 7/16
  6230 | D:5      | Gained mutation: You possess an exceptional clarity of mind. [mutagenic meat]
  6231 | D:5      | Gained mutation: You expend magic power (3 MP) to strengthen your wands. [mutagenic meat]
  6232 | D:5      | Gained mutation: You can translocate small distances at will. [mutagenic meat]
  6367 | D:5      | ok, i'm a summoner then
  6372 | D:5      | Learned a level 4 spell: Summon Lightning Spire
  6465 | D:5      | Found Aghaoses's Jewellery Shoppe.
  6976 | D:5      | Found a snail-covered altar of Cheibriados.
  7010 | D:5      | Gained mutation: You are resistant to electric shocks. [mutagenic meat]
  7011 | D:5      | Gained mutation: You are somewhat resistant to further mutation. [mutagenic meat]
  7014 | D:5      | Gained mutation: Your muscles are strong. (Str +2) [mutagenic meat]
  7015 | D:5      | Gained mutation: You have a pair of small horns on your head. [mutagenic meat]
  7016 | D:5      | jesus
  7085 | D:5      | Found a staircase to the Ecumenical Temple.
  7094 | Temple   | Entered the Ecumenical Temple
  7193 | Temple   | Became a worshipper of Sif Muna the Loreminder
  7500 | D:6      | Noticed a troll
  7984 | D:6      | Reached skill level 5 in Summonings
  8283 | D:6      | Killed a troll
  8283 | D:6      | Reached * piety under Sif Muna
  8855 | D:7      | Reached skill level 1 in Invocations
  9030 | D:7      | Reached XP level 10. HP: 80/80 MP: 10/17
  9045 | D:7      | Found an opulent altar of Gozag.
  9066 | D:7      | Learned a level 4 spell: Summon Ice Beast
  9146 | D:7      | Found a sparkling altar of Nemelex Xobeh.
  9338 | D:8      | Reached skill level 1 in Ice Magic
  9867 | D:8      | Reached ** piety under Sif Muna
  9963 | D:8      | Noticed Psyche
 10045 | D:8      | Noticed Maurice
 10046 | D:8      | you can't be serious
 10055 | D:8      | Killed Psyche
 10063 | D:8      | Killed Maurice
 10076 | D:8      | Noticed a gargoyle
 10183 | D:8      | Killed a gargoyle
 10290 | D:8      | Found a basalt altar of Yredelemnul.
 10290 | D:8      | Found a shadowy altar of Dithmenos.
 10631 | D:9      | Got a warped granite ring
 10632 | D:9      | Identified the cursed ring "Hegg" {rElec Dex-2 SInv} (You found it on level 9 of the Dungeon)
 10635 | D:9      | well, it's still rElec
 11425 | D:9      | Found a staircase to the Lair.
 11467 | D:9      | Reached *** piety under Sif Muna
 11471 | D:9      | Reached skill level 5 in Ice Magic
 11759 | D:9      | Reached XP level 11. HP: 84/86 MP: 8/20
 12050 | D:10     | Entered Level 10 of the Dungeon
 12102 | D:10     | Noticed a hill giant
 12281 | D:10     | Reached skill level 5 in Air Magic
 12308 | D:10     | Noticed Sonja
 12319 | D:10     | Killed Sonja
 12319 | D:10     | Reached skill level 1 in Staves
 12646 | D:10     | Noticed HandofTrog's ghost (journeyman TrGl)
 12691 | Lair:1   | Entered Level 1 of the Lair of Beasts
 12692 | Lair:1   | Upgraded the game from 0.18-a0-1677-g2bdad6c to 0.18-a0-1683-gf9322e6
 13234 | Lair:1   | Reached **** piety under Sif Muna
 13383 | Lair:1   | Noticed Misfortune's ghost (journeyman DsWn)
 13415 | Lair:1   | Killed Misfortune's ghost
 14375 | Lair:1   | Noticed an eight-headed hydra
 15982 | Lair:3   | Noticed a griffon
 15995 | Lair:3   | Killed a griffon
 15995 | Lair:3   | Reached ***** piety under Sif Muna
 16002 | Lair:3   | Reached XP level 12. HP: 68/99 MP: 5/21
 16508 | Lair:3   | Learned a level 2 spell: Slow
 16622 | Lair:3   | Reached skill level 1 in Hexes
 16788 | D:5      | Bought the ring of Wawuasau {Wiz rC+ Slay+2} for 733 gold pieces
 17523 | Lair:4   | Noticed a four-headed hydra
 17680 | Lair:4   | FDA :/
 18147 | Lair:5   | Found a staircase to the Swamp.
 18302 | Lair:5   | Found a staircase to the Snake Pit.
 18511 | Lair:5   | Found a dark tunnel.
 18530 | Volcano  | Entered a volcano
 18888 | Volcano  | Found a bloodstained altar of Trog.
 19833 | Lair:6   | Reached skill level 5 in Dodging
 19966 | Lair:6   | Identified a scroll of acquirement
 19967 | Lair:6   | Got a brightly glowing naga barding
 19968 | Lair:6   | Identified the +0 naga barding of the Dungeon {MR+ Str-2 Stlth+} (You acquired it on level 6 of the Lair of Beasts)
 19969 | Lair:6   | that's, like, uh
 19969 | Lair:6   | well, MR+ is MR+ i suppose
 19987 | Lair:6   | Reached skill level 10 in Conjurations
 19994 | Lair:6   | Reached skill level 5 in Staves
 20350 | Lair:6   | Reached skill level 1 in Armour
 20751 | Lair:6   | Reached skill level 5 in Hexes
 20789 | Lair:6   | Gained mutation: You can use your snake-like lower body to constrict enemies. [Naga growth]
 20789 | Lair:6   | Reached XP level 13. HP: 93/105 MP: 5/24
 20945 | Lair:6   | Reached ****** piety under Sif Muna
 20945 | Lair:6   | Received a gift from Sif Muna
 20946 | Lair:6   | Identified Lyfagome's Catalogue of Igneous Translocation (Sif Muna gifted it to you on level 6 of the Lair of Beasts)
 20968 | Lair:6   | Learned a level 5 spell: Lightning Bolt
 21936 | Lair:7   | Found a sacrificial altar of Ru.
 22261 | Lair:7   | wow, this level generation
 22271 | Lair:7   | it's "nearby", but behind a wall that spans the whole level long
 22271 | Lair:7   | of course i won't make it in time
 22329 | Lair:7   | Identified a -1 rod of clouds (14/14) (You found it on level 7 of the Lair of Beasts)
 22341 | Lair:7   | Found a frozen archway.
 22343 | Lair:7   | Noticed an ice dragon
 22343 | Lair:7   | wat
 22343 | Lair:7   | shit
 22416 | Lair:7   | Killed an ice dragon
 22432 | Lair:7   | four steps more and i'd reach it
 22432 | Lair:7   | thanks game
 23638 | Lair:8   | Entered Level 8 of the Lair of Beasts
 24147 | Lair:8   | Found a runed door.
 24311 | Lair:8   | Found a viscous altar of Jiyva.
 24473 | Lair:8   | Found a staircase to the Slime Pits.
 25145 | Lair:8   | Reached XP level 14. HP: 62/114 MP: 9/26
 25659 | Lair:8   | Reached skill level 10 in Staves
 26677 | D:10     | Killed HandofTrog's ghost
 26823 | D:10     | Found an ancient bone altar of Kikubaaqudgha.
 27076 | D:11     | Got a shimmering steel amulet
 27077 | D:11     | Identified the amulet of Besemn {Reflect Str+3 Dex+2 SH+4} (You found it on level 11 of the Dungeon)
 27192 | D:11     | Found a staircase to the Orcish Mines.
 27201 | D:11     | Found a flagged portal.
 27216 | Bailey   | Entered a bailey
 27329 | Bailey   | Found a burning altar of Makhleb.
 27481 | D:11     | Reached skill level 5 in Fighting
 27491 | D:11     | Learned a level 6 spell: Shadow Creatures
 28046 | Orc:1    | Entered Level 1 of the Orcish Mines
 28046 | Orc:1    | Noticed Harold
 28048 | Orc:1    | Noticed an orc warlord
 28049 | Orc:1    | shit
 28055 | Orc:1    | Noticed Nergalle
 28387 | D:11     | Upgraded the game from 0.18-a0-1683-gf9322e6 to 0.19-a0-45-g2c295ea
 28844 | D:12     | Received a gift from Sif Muna
 28861 | D:12     | Identified Oseelargh's Reference Book on the Damaging Escort (Sif Muna gifted it to you on level 12 of the Dungeon)
 29579 | D:13     | Noticed Kirke
 30038 | D:13     | Got a pitted mace
 30039 | D:13     | Identified the +8 mace of Summer {crush, rElec rPois Int+4 Stlth-} (You found it on level 13 of the Dungeon)
 30040 | D:13     | well it's not better
 31036 | D:14     | Reached skill level 10 in Summonings
 31724 | Lair:7   | Learned a level 6 spell: Iron Shot
 32141 | D:14     | Reached skill level 1 in Earth Magic
 33050 | D:15     | Entered Level 15 of the Dungeon
 33098 | D:15     | Reached XP level 15. HP: 119/126 MP: 27/27
 33985 | D:15     | Reached skill level 5 in Earth Magic
 34060 | D:15     | Found Vughejan's Jewellery Shop.
 34159 | D:15     | Noticed a fire giant
 34159 | D:15     | uhhhhh
 34159 | D:15     | maybe not
 34177 | D:15     | Bought an uncursed ring of protection from fire for 425 gold pieces
 34499 | Swamp:1  | Entered Level 1 of the Swamp
 34555 | Swamp:1  | this is going to be rough
 35295 | Swamp:1  | Identified the Tome of Earthen Protection
 35303 | Swamp:1  | Learned a level 3 spell: Ozocubu's Armour
 35311 | Swamp:1  | Learned a level 2 spell: Swiftness
 35610 | Swamp:1  | Received a gift from Sif Muna
 35620 | Swamp:1  | Identified Ereshkigal's Handbook of Conjuration (Sif Muna gifted it to you on level 1 of the Swamp)
 36081 | Swamp:2  | Noticed Aizul
 36083 | Swamp:2  | shiiiieeeet
 36103 | Swamp:2  | Killed Aizul
 36105 | Swamp:2  | even with rpois it's scary
 36291 | Swamp:2  | Got a heavy robe
 36292 | Swamp:2  | Identified the +1 robe of Polytheism {rPois} (You found it on level 2 of the Swamp)
 36296 | Swamp:2  | wew
 36439 | Swamp:2  | Noticed a thorn hunter
 36441 | Swamp:2  | ugh
 36453 | Swamp:2  | HP: 8/129 [thorn hunter/volley of thorns (27)]
 36454 | Swamp:2  | HP: 1/129 [thorn hunter/volley of thorns (33)]
 36459 | Swamp:2  | Killed a thorn hunter
 36483 | Swamp:2  | game over
 36485 | Swamp:2  | HP: 9/129 [hornet (6)]
 36485 | Swamp:2  | Slain by a spriggan rider

Vault maps used:
D:1:      kilobyte_arrival_exit_the_forest, serial_park_tiny_pond
D:2:      amethyst_overflow_temple_binary, nicolae_overflow_hidden_temple,
          minmay_misc_feat_rows
D:3:      kennysheep_goblin_castle, tso_oasis_becter, first_bread, uniq_sigmund
D:4:      nicolae_dithmenos_through_a_glass_darkly, uniq_pikel
D:5:      lemuel_crystal_altar, temple_doors_a, serial_shops, shop,
          uniq_grinder, uniq_eustachio
D:7:      lemuel_doored_altar, grunt_gozag_breadcrumbs
D:8:      gammafunk_temple_overflow_wave, uniq_maurice, uniq_psyche
D:9:      minmay_lair_entry_grove
D:10:     david_nohive_1, lemuel_mausoleum_altar_kikubaaqudgha, uniq_sonja
D:11:     orc_0_dummy, enter_bailey_2
D:12:     minmay_beelzebubs_servants
D:13:     minmay_smoke_and_mirrors, david_vaults_1, uniq_kirke
D:15:     grunt_enter_depths_giant_problem, serial_shops, shop_fountains,
          minmay_misc_feat_square
Temple:   chambers_temple_10
Lair:1:   beast_lair_carwin_large_4, serial_bayou_shore_b, lemuel_fruit_tree
Lair:2:   grunt_megastairs_5
Lair:3:   st_stairs_9
Lair:4:   grunt_megastairs_2
Lair:5:   swamp_mist, guppyfry_snake_entry_garden, nicolae_volcano_entry_hallway
Lair:6:   minmay_lair_venomous_thicket
Lair:7:   portal_ice_cave_entry_animals_and_master, basic_altar
Lair:8:   minmay_lair_end_frog_pond, slime_altar_2, serial_bayou_shore_a
Swamp:1:  nicolae_swamp_fairy_circle, infiniplex_staircase_pool
Swamp:2:  evilmike_swamp_ruin_house_1, swamp_pool5, grunt_hermit_hut, uniq_aizul
Orc:1:    serial_shops, nicolae_shop_trees, uniq_nergalle, uniq_harold
Bailey:   bailey_axe_3, bailey
Volcano:  volcano_grotto

Skill      XL: |  1  2  3  4  5  6  7  8  9 10 11 12 13 14 15 |
---------------+----------------------------------------------+-----
Conjurations   | 2 3 4 7 9 10 11 | 11.2
Poison Magic   | 1 3 4 |  4.1
Air Magic      | 1 3 4 5 7 |  7.8
Spellcasting   | 4 5 6 7 8 |  8.9
Fire Magic     | 1 2 4 |  4.0
Fighting       | 2 4 6 7 |  7.2
Dodging        | 2 3 5 |  5.1
Stealth        | 4 |  4.2
Summonings     | 7 8 10 | 10.2
Invocations    | 1 2 4 |  4.0
Ice Magic      | 5 6 |  6.1
Staves         | 4 5 9 10 11 | 11.1
Translocations | 2 |  2.1
Hexes          | 5 |  5.0
Armour         | 1 2 |  2.0
Earth Magic    | 3 6 |  6.5

Action                   |  1- 3 |  4- 6 |  7- 9 | 10-12 | 13-15 || total
-------------------------+-------+-------+-------+-------+-------++-------
Melee: Short sword       |     3 |       |       |       |       ||     3
       Long sword        |       |     2 |       |       |       ||     2
       Quarterstaff      |       |     4 |   108 |   365 |   373 ||   850
       Quarterstaff      |       |       |       |       |   299 ||   299
       Headbutt          |       |       |       |       |    73 ||    73
       Constrict         |       |       |       |       |    60 ||    60
 Cast: Magic Dart        |    86 |   124 |   252 |   335 |    92 ||   889
       Repel Missiles    |       |       |     2 |     1 |     1 ||     4
       Mephitic Cloud    |       |       |     7 |    61 |    15 ||    83
       Summon Lightning  |       |       |     7 |    66 |    54 ||   127
       Blink             |       |       |     2 |       |       ||     2
       Conjure Flame     |       |       |     1 |       |       ||     1
       Summon Ice Beast  |       |       |       |    53 |    46 ||    99
       Slow              |       |       |       |     3 |    38 ||    41
       Lightning Bolt    |       |       |       |       |    31 ||    31
       Summon Ice Beast  |       |       |       |       |   118 ||   118
       Summon Lightning  |       |       |       |       |    81 ||    81
       Shadow Creatures  |       |       |       |       |     7 ||     7
       Slow              |       |       |       |       |     3 ||     3
       Repel Missiles    |       |       |       |       |     3 ||     3
       Shadow Creatures  |       |       |       |       |     2 ||     2
       Iron Shot         |       |       |       |       |     5 ||     5
       Ozocubu's Armour  |       |       |       |       |     1 ||     1
Invok: Channel Energy    |       |       |       |     5 |     1 ||     6
       Forget Spell      |       |       |       |       |     1 ||     1
       Channel Energy    |       |       |       |       |     1 ||     1
 Abil: Spit Poison       |     6 |     6 |     2 |       |       ||    14
Evoke: Club              |       |       |       |     3 |       ||     3
       Wand              |       |       |       |       |     1 ||     1
  Use: Scroll            |       |     8 |     8 |    18 |     6 ||    40
       Potion            |       |       |       |     5 |     3 ||     8
       Scroll            |       |       |       |       |     9 ||     9
       Potion            |       |       |       |       |     4 ||     4
 Stab: Sleeping          |       |       |     1 |     1 |    10 ||    12
       Distracted        |       |       |     1 |     4 |     8 ||    13
       Confused          |       |       |       |     9 |     6 ||    15
       Paralysed         |       |       |       |     2 |       ||     2
       Sleeping          |       |       |       |       |     7 ||     7
       Distracted        |       |       |       |       |     8 ||     8
  Eat: Chunk             |     2 |     5 |    25 |    34 |    25 ||    91
       Pizza             |       |       |       |     3 |     1 ||     4
       Fruit             |       |       |       |     6 |     8 ||    14
       Royal jelly       |       |       |       |     1 |       ||     1
       Chunk             |       |       |       |       |    24 ||    24
       Royal jelly       |       |       |       |       |     6 ||     6
       Beef jerky        |       |       |       |       |     2 ||     2
       Fruit             |       |       |       |       |     1 ||     1
Armor: Robe              |       |       |       |       |   156 ||   156
Dodge: Dodged            |       |       |       |       |   167 ||   167
       Deflected         |       |       |       |       |    19 ||    19
